 Dungeon Crawl Stone Soup version 0.31-a0-1376-g36f0627844 (webtiles) character file.

Game seed: 9771058289999764850

706956 FutureFunk the Middleweight Champion (level 27, -6/237 HPs)
             Began as an Octopode Shapeshifter on Dec 24, 2023.
             Was an Initiate of Gozag.
             Killed from afar by a white draconian stormcaller (28 damage)
             ... summoned by a demonspawn corrupter
             ... in Pandemonium.
             The game lasted 03:45:40 (59499 turns).

FutureFunk the Middleweight Champion (OpSh)        Turns: 59499, Time: 03:45:41

Health: -6/237     AC: 41    Str: 39    XL:     27
Magic:  0/26       EV: 53    Int: 11    God:    Gozag
Gold:   2101       SH: 32    Dex: 26    Spells: 22/30 levels left

rFire   + +          +
                       - Unarmed
rCold   + . .        Z - +8 tower shield
rNeg    + + +        P - -2 hat of the Alchemist {rElec rPois rF+ rC+ rN+ Will+ rMut rCorr}
rPois   ∞            X - macabre finger necklace {Finger+ rN+}
rElec   +            h - ring "Suinim Vyafo" {rElec rF+ Str+2 Int+3 Dex+6}
rCorr   +            Q - ring of the Tortoise {AC+8}
SInv    .            C - ring of the Puckish God {rElec rF- rCorr EV+5 Slay+3}
Will    +++++        x - ring "Soudir" {rElec rC+ Str+4}
Stlth   ++++++++++   O - +5 ring of evasion
HPRegen 0.59/turn    N - ring of the Magpie {Fire *Corrode Will+++ Str+7 Dex-2}
MPRegen 0.20/turn    e - ring of the Hare {EV+10}
                     H - ring "Heoll" {+Blink rF++ Str+6 Int-4 Slay+3}
                     n - ring of the Firefly {rF- rN+ Will+ Dex+3 Slay+6}

%: random rage (3%), corrode self (3%), resist mutation
@: statue-form, very slightly contaminated, studying Evocations, unable to read,
very slow
A: slow and powerful, torment resistance 1, boosted hp, almost no armour,
amphibious, 8 rings, camouflage 1, (gelatinous body 1), (nimble swimmer 1),
tentacles, berserk 1, inability to read after injury 1, [no potion heal 2]
}: 6/15 runes: barnacled, slimy, silver, golden, abyssal, gossamer
a: Begin Untransformation, Renounce Religion, Evoke Blink, Potion Petition, Call
Merchant, Bribe Branch


You were in Pandemonium.
You worshipped Gozag.
Gozag was most pleased with you.
You were a living statue of rough stone.
You visited 12 branches of the dungeon, and saw 54 of its levels.
You visited Pandemonium 1 time, and saw 6 of its levels.
You visited the Abyss 2 times.
You also visited: Sewer, Volcano, Wizlab and Desolation.

You collected 32986 gold pieces.
You spent 14323 gold pieces at shops.
You paid 16562 gold pieces to Gozag.

Inventory:

Missiles
 p - 8 throwing nets (quivered)
Armour
 P - the -2 hat of the Alchemist (worn) {rElec rPois rF+ rC+ rN+ Will+ rMut rCorr}
   (You bought it in a shop on level 4 of the Shoals)

   rF+:       It protects you from fire.
   rC+:       It protects you from cold.
   rElec:     It insulates you from electricity.
   rPois:     It protects you from poison rN+: It protects you from negative
   energy.
   Will+:     It increases your willpower.
   rCorr:     It protects you from acid and corrosion.
   rMut:      It protects you from mutation.
 Z - a +8 tower shield (worn)
Jewellery
 e - the ring of the Hare (on tentacle) {EV+10}
   (You found it on level 5 of the Pits of Slime)

   [ring of evasion]

   EV+10:     It affects your evasion (+10).
 h - the ring "Suinim Vyafo" (left tentacle) {rElec rF+ Str+2 Int+3 Dex+6}
   (You found it on level 2 of the Vaults)

   [ring of dexterity]

   Str+2:     It affects your strength (+2).
   Int+3:     It affects your intelligence (+3).
   Dex+6:     It affects your dexterity (+6).
   rF+:       It protects you from fire.
   rElec:     It insulates you from electricity.
 n - the ring of the Firefly (on amulet) {rF- rN+ Will+ Dex+3 Slay+6}
   (You bought it in a shop on level 2 of the Depths)

   [ring of positive energy]

   Dex+3:     It affects your dexterity (+3).
   Slay+6:    It affects your accuracy & damage with ranged weapons and melee
   (+6).
   rF-:       It makes you vulnerable to fire.
   rN+:       It protects you from negative energy.
   Will+:     It increases your willpower.
 w - an amulet of reflection
 x - the ring "Soudir" (on tentacle) {rElec rC+ Str+4}
   (You found it in the Desolation of Salt)

   [ring of protection from cold]

   Str+4:     It affects your strength (+4).
   rC+:       It protects you from cold.
   rElec:     It insulates you from electricity.
 C - the ring of the Puckish God (on tentacle) {rElec rF- rCorr EV+5 Slay+3}
   (You bought it in a shop on level 13 of the Dungeon)

   [ring of evasion]

   EV+5:      It affects your evasion (+5).
   Slay+3:    It affects your accuracy & damage with ranged weapons and melee
   (+3).
   rF-:       It makes you vulnerable to fire.
   rElec:     It insulates you from electricity.
   rCorr:     It protects you from acid and corrosion.
 H - the ring "Heoll" (on tentacle) {+Blink rF++ Str+6 Int-4 Slay+3}
   (You took it off a skeletal warrior on level 3 of the Crypt)

   [ring of strength]

   Str+6:     It affects your strength (+6).
   Int-4:     It affects your intelligence (-4).
   Slay+3:    It affects your accuracy & damage with ranged weapons and melee
   (+3).
   rF++:      It greatly protects you from fire.
   +Blink:    It lets you blink.
 M - a ring of see invisible
 N - the ring of the Magpie (on tentacle) {Fire *Corrode Will+++ Str+7 Dex-2}
   (You bought it in a shop on level 12 of the Dungeon)

   [ring of fire]

   Fire:      It enhances your fire magic.
   Str+7:     It affects your strength (+7).
   Dex-2:     It affects your dexterity (-2).
   rF+:       It protects you from fire.
   rC-:       It makes you vulnerable to cold.
   Will+++:   It greatly increases your willpower.
   *Corrode:  It may corrode you when you take damage.
 O - a +5 ring of evasion (on tentacle)
 Q - the ring of the Tortoise (right tentacle) {AC+8}
   (You took it off a green draconian on level 4 of the Depths)

   [ring of protection]

   AC+8:      It affects your AC (+8).
 V - the ring of Ashenzari's Reproof {rPois rF+++ Will- Slay+4}
   (You found it on level 3 of the Tomb of the Ancients)

   [ring of slaying]

   Slay+4:    It affects your accuracy & damage with ranged weapons and melee
   (+4).
   rF+++:     It renders you almost immune to fire.
   rPois:     It protects you from poison Will-: It decreases your willpower.
 X - the macabre finger necklace (around mantle) {Finger+ rN+}
   (You bought it in a shop on level 2 of the Depths)

   [amulet of nothing]

   Finger+:   It enables you to equip an extra ring.
   rN+:       It protects you from negative energy.
Talismans
 j - a dragon-blood talisman
 t - a granite talisman (active)
 v - a talisman of death
 F - a storm talisman
Wands
 k - a wand of light (41)
 q - a wand of paralysis (25)
 s - a wand of polymorph (59)
 y - a wand of mindburst (47)
 I - a wand of digging (24)
 K - a wand of roots (46)
Scrolls
 d - a scroll of vulnerability
 g - 12 scrolls of fog
 m - 14 scrolls of teleportation
 u - 6 scrolls of blinking
 B - 2 scrolls of fear
 D - 2 scrolls of torment
 S - 3 scrolls of silence
Potions
 a - 22 potions of curing
 c - 6 potions of mutation
 f - 13 potions of haste
 i - 11 potions of heal wounds
 l - 8 potions of enlightenment
 o - 6 potions of invisibility
 r - 8 potions of attraction
 A - 6 potions of might
 J - a potion of magic
 L - 10 potions of ambrosia
 R - 3 potions of cancellation
 T - 8 potions of resistance
 Y - 5 potions of berserk rage
Miscellaneous
 b - a box of beasts
 G - a phantom mirror
 U - a condenser vane
 W - a lightning rod (4/4)


   Skills:
 - Level 14.1 Fighting
 - Level 22.2 Dodging
 + Level 22.6 Stealth
 - Level 19.0 Shields
 O Level 27 Unarmed Combat
 - Level 2.0 Spellcasting
 - Level 13.5 Ice Magic
 - Level 13.4 Evocations
 - Level 23.2 Shapeshifting


You had 22 spell levels left.
You knew the following spells:

 Your Spells              Type           Power      Damage    Failure   Level
a - Blink                 Tloc           2%         N/A       54%         2
b - Ozocubu's Armour      Ice            30%        N/A       1%          3
c - Frozen Ramparts       Ice            60%        1d10      1%          3

Your spell library contained the following spells:

 Spells                   Type           Power      Damage    Failure   Level
 Freeze                   Ice            100%       1d10      1%          1
 Ensorcelled Hibernation  Hex/Ice        30%        N/A       4%          2
 Hailstorm                Conj/Ice       15%        3d6       8%          3
 Summon Ice Beast         Ice/Summ       15%        N/A       26%         4
 Apportation              Tloc           2%         N/A       38%         1
 Kiss of Death            Conj/Necr      4%         2d5       38%         1
 Magic Dart               Conj           4%         1d3       38%         1
 Necrotise                Necr           4%         1d4       38%         1
 Sandblast                Erth           2%         2d4       38%         1
 Shock                    Conj/Air       4%         1d3       38%         1
 Sting                    Conj/Alch      4%         1d3       38%         1
 Summon Small Mammal      Summ           4%         N/A       38%         1
 Call Imp                 Summ           2%         N/A       54%         2
 Cigotuvi's Dreadful Rot  Necr/Alch/Air  2%         N/A       54%         2
 Jinxbite                 Hex            2%         N/A       54%         2
 Lesser Beckoning         Tloc           2%         N/A       54%         2
 Mercury Vapours          Alch/Air       2%         N/A       54%         2
 Momentum Strike          Conj/Tloc      2%         3d8       54%         2
 Passwall                 Alch/Erth      0%         N/A       54%         2
 Scorch                   Fire           2%         2d5       54%         2
 Searing Ray              Conj           2%         2d4       54%         2
 Metabolic Englaciation   Hex/Ice        7%         N/A       58%         5
 Call Canine Familiar     Summ           1%         N/A       77%         3
 Dazzling Flash           Conj/Hex       2%         N/A       77%         3
 Fugue of the Fallen      Necr           1%         N/A       77%         3
 Inner Flame              Hex/Fire       1%         N/A       77%         3
 Mephitic Cloud           Conj/Alch/Air  1%         N/A       77%         3
 Sigil of Binding         Hex            1%         N/A       77%         3
 Stone Arrow              Conj/Erth      2%         3d7       77%         3
 Summon Guardian Golem    Hex/Summ       1%         N/A       77%         3
 Swiftness                Air            1%         N/A       77%         3
 Tukima's Dance           Hex            1%         N/A       77%         3
 Vampiric Draining        Necr           1%         2d6       77%         3
 Ozocubu's Refrigeration  Ice            15%        4d10      80%         7
 Freezing Cloud           Conj/Ice/Air   5%         6-21      88%         5
 Anguish                  Hex/Necr       0%         N/A       99%         4
 Brom's Barrelling Bould  Conj/Erth      1%         2d3       99%         4
 Cause Fear               Hex            0%         N/A       99%         4
 Dimensional Bullseye     Hex/Tloc       0%         N/A       99%         4
 Flame Wave               Conj/Fire      1%         2d4       99%         4
 Fulminant Prism          Conj/Alch      0%         3d5       99%         4
 Ignite Poison            Fire/Alch      1%         N/A       99%         4
 Iskenderun's Mystic Bla  Conj/Tloc      1%         2d3       99%         4
 Leda's Liquefaction      Alch/Erth      0%         N/A       99%         4
 Manifold Assault         Tloc           1%         N/A       99%         4
 Olgreb's Toxic Radiance  Alch           1%         N/A       99%         4
 Passage of Golubria      Tloc           1%         N/A       99%         4
 Petrify                  Alch/Erth      1%         N/A       99%         4
 Sticky Flame             Fire/Alch      1%         2d4       99%         4
 Summon Lightning Spire   Summ/Air       1%         N/A       99%         4
 Vhi's Electric Charge    Tloc/Air       2%         N/A       99%         4
 Agony                    Necr           1%         N/A       100%        5
 Alistair's Intoxication  Alch           0%         N/A       100%        5
 Arcjolt                  Conj/Air       0%         1d10      100%        5
 Borgnjor's Vile Clutch   Necr/Erth      0%         N/A       100%        5
 Fireball                 Conj/Fire      0%         3d3       100%        5
 Irradiate                Conj/Alch      0%         3d11      100%        5
 Iskenderun's Battlesphe  Conj           1%         2d6       100%        5
 Lee's Rapid Deconstruct  Erth           0%         3d4*      100%        5
 Silence                  Hex/Air        0%         N/A       100%        5
 Summon Forest            Summ/Tloc      0%         N/A       100%        5
 Summon Mana Viper        Hex/Summ       1%         N/A       100%        5
 Yara's Violent Unravell  Hex/Alch       0%         3d3       100%        5
 Bombard                  Conj/Erth      0%         9d1       100%        6
 Conjure Ball Lightning   Conj/Air       0%         3x3d6     100%        6
 Death Channel            Necr           0%         N/A       100%        6
 Plasma Beam              Fire/Air       0%         2x1d10    100%        6
 Starburst                Conj/Fire      0%         6d3       100%        6
 Summon Cactus Giant      Summ           0%         N/A       100%        6
 Enfeeble                 Hex            0%         N/A       100%        7
 Haunt                    Necr/Summ      0%         N/A       100%        7
 Malign Gateway           Summ/Tloc      0%         N/A       100%        7
 Monstrous Menagerie      Summ           0%         N/A       100%        7
 Orb of Destruction       Conj           0%         9d5       100%        7
 Spellforged Servitor     Conj/Summ      0%         N/A       100%        7
 Summon Hydra             Summ           0%         N/A       100%        7
 Discord                  Hex            0%         N/A       100%        8
 Disjunction              Tloc           0%         N/A       100%        8
 Ignition                 Fire           0%         3d3       100%        8
 Infestation              Necr           0%         N/A       100%        8
 Lehudib's Crystal Spear  Conj/Erth      0%         10d2      100%        8
 Summon Horrible Things   Summ           0%         N/A       100%        8
 Dragon's Call            Summ           0%         N/A       100%        9
 Fire Storm               Conj/Fire      0%         6d1       100%        9
 Polar Vortex             Ice            15%        12d2*     100%        9
 Sublimation of Blood     Necr           Unusable   N/A       N/A         2
 Animate Armour           Summ/Erth      Unusable   N/A       N/A         4
 Animate Dead             Necr           Unusable   N/A       N/A         4
 Simulacrum               Ice/Necr       Unusable   N/A       N/A         6

Dungeon Overview and Level Annotations

Branches:
Dungeon (15/15)            Temple (1/1) D:6            Lair (5/5) D:10
 Shoals (4/4) Lair:3       Spider (4/4) Lair:3        Slime (5/5) Lair:5
    Orc (2/2) D:9             Elf (3/3) Orc:2        Vaults (5/5) D:14
  Crypt (3/3) Vaults:2       Tomb (3/3) Crypt:3      Depths (4/4) D:15
    Zot (0/5) Depths:4      Sewer (visited)         Volcano (visited)
 WizLab (visited)         Desolation (visited)

Altars:
Ashenzari
Cheibriados
Dithmenos
Elyvilon
Fedhas
Gozag
Hepliaklqana
Kikubaaqudgha
Makhleb
Nemelex Xobeh
Okawaru
Qazlal
Ru
Sif Muna
Trog
Uskayaw
Vehumet
Wu Jian
Xom
Yredelemnul
Zin
The Shining One
Jiyva
Lugonu

Shops:
D:4 *   D:7 :   D:9 *(   D:10 :?   D:12 =   D:13 **==!=*   Orc:2 [?=?   Elf:1 *
Elf:2 (!   Shoals:2 (   Shoals:4 [   Vaults:3 *   Vaults:4 ?   Crypt:3 =
Depths:1 *   Depths:2 *==*

Portals:
Hell: Depths:1 Depths:2 Depths:3 Depths:4
Abyss: Depths:2 Depths:3
Pandemonium: Orc:2 Depths:2
Ziggurat: Depths:4

Annotations:
D:9 2 transporters
Lair:5 3 runed translucent doors, Ratslayer's ghost, journeyman MiBe
Vaults:2 Boris
Depths:3 2 transporters, Pewaar's ghost, journeyman DsNe


Innate Abilities, Weirdness & Mutations

You are a living statue of rough stone.
Your actions are slow, but your melee attacks are powerful.
You are resistant to unholy torment.
Your maximum health is greatly increased.
You cannot wear most types of armour.
You are amphibious.
You can wear up to eight rings at the same time.
You are immune to poison.
Your skin changes colour to match your surroundings (Stealth+).
((Your rubbery body absorbs attacks. (AC +1, EV +1)))
((You are camouflaged when in or above water. (Stealth+)))
You have tentacles for arms and can constrict up to eight enemies at once.
You sometimes lose your temper in combat.
You occasionally lose the ability to read scrolls when taking damage.
[Potions cannot restore your health.]


Message History

A red devil comes into view. It is wielding a +0 trident.
The ynoxinul gestures.
A tentacle flies out from the starspawn's body!
You block the balrug's attack.
You feel you are being watched by something. x2
A starspawn tentacle comes into view.
You feel you are being watched by something.
The demonspawn corrupter calls forth creatures from the Pits of Slime!
You feel you are being watched by something. x3
You block something's attack. Something barely misses you.
You block something's attack.
The demonspawn corrupter calls forth creatures from the Realm of Zot!
Unknown command.
You cannot read scrolls in your current state!
You cannot read scrolls in your current state!
You feel you are being watched by something. x2
The demonspawn corrupter calls forth creatures from the Tomb of the Ancients!
Something hits you but does no damage. x2; You block something's attack.
You open the door.
You feel ready to blink again.
You feel you are being watched by something.
You feel your power leaking away. Something completely misses you.
Something misses you. You block something's attack.
A tentacle flies out from the starspawn's body!
You feel you are being watched by something.
Something misses you. Something completely misses you.
You block something's attack.
You feel you are being watched by something.
Something completely misses you. Something misses you.
Something completely misses you.
The demonspawn corrupter calls forth creatures from the Crypt!
The hellion gestures at you.
The sphere of damnation explodes!
The damnation engulfs you!
* * * LOW HITPOINT WARNING * * *
The damnation engulfs something!!
The damnation engulfs something!
The white draconian stormcaller invokes the aid of Qazlal against you.
The cutting wind hits you!!
You die...
Your body crumbles into a pile of gold.

#........#
#....###....4..5#
#..........555w6#
#.........553MX2#
#.........2333q6#
##.......5X33..J#
{#.......3326&2M#
##...3X..2.3###.#
#?.2.2....23#φ#8#
#?....2....X##'##
##?###........##
###.##########
..### ......
..... ∩....


You could see Lito Liaguwu (black mark), a demonspawn corrupter (black mark), 2
demonspawn black suns, a white draconian stormcaller (summoned), a tentacled
starspawn (summoned), 2 balrugs, a blizzard demon (black mark), 2 mummy priests,
a titanic slime creature (summoned), 2 soul eaters, 6 sun demons, 2 large
abominations, a sixfirhy (black mark), 3 hellions, a ynoxinul (black mark), a
red devil (wandering), a starspawn tentacle and 7 ufetubi.

Vanquished Creatures
  the Royal Jelly (Slime:5)
  A dread lich (Crypt:3)
  Mara (Shoals:3)
  A juggernaut (Depths:4)
  Vv (Depths:3)
  39 royal mummies
  A pandemonium lord (Pan)
  2 caustic shrikes
  7 golden dragons
  A profane servitor (Abyss:7)
  the Enchantress (Depths:2)
  2 bone dragons
  3 doom hounds (Crypt:1)
  Zenata (Crypt:2)
  6 tentacled monstrosities
  A shard shrike zombie (Tomb:3)
  Jorgrun (Shoals:1)
  A shard shrike skeleton (Crypt:3)
  2 Ice Fiends (Pan)
  7 liches
  Mlioglotl (Spider:3)
  4 deep elf blademasters (Elf:3)
  A walking crystal tome (Depths:3)
  A walking earthen tome (Depths:3)
  Grunn (Crypt:1)
  A quicksilver dragon (Vaults:4)
  2 titans
  A walking frostbound tome (Depths:2)
  2 deep elf master archers (Elf:3)
  Polyphemus (Shoals:3)
  3 Executioners (Pan)
  6 tentacled starspawn
  11 sphinxes
  Gastronok (Lair:3)
  7 ancient champions
  12 acid blobs
  Donald (Shoals:1)
  2 storm dragons
  7 tengu reavers
  7 shadow dragons
  10 azure jellies
  Aizul (Crypt:1)
  4 revenants
  5 draconian monks
  8 rockslimes (Slime:5)
  A draconian knight (Abyss:3)
  7 frost giants
  2 imperial myrmidons (Desolation)
  Ilsuiw (Shoals:3)
  2 demonspawn warmongers (Pan)
  12 fire giants
  5 emperor scorpions
  7 ghost moths
  3 ghouls (Crypt:3)
  6 deep elf sorcerers
  A draconian scorcher (Depths:4)
  An iron dragon (Depths:3)
  11 vault wardens
  2 caustic shrike zombies
  Louise (Elf:1)
  A broodmother (Spider:2)
  4 balrugs
  A cacodemon (Pan)
  17 ironbound preservers
  5 draconian annihilators
  4 spriggan defenders (Depths:2)
  4 deep elf elementalists (Elf:3)
  A demonspawn blood saint (Pan)
  A reaper (Crypt:2)
  A draconian stormcaller (WizLab)
  8 formless jellyfish
  A juggernaut skeleton (Crypt:2)
  9 stone giants
  37 very ugly things
  4 quicksilver oozes
  A juggernaut zombie (Crypt:3)
  A caustic shrike skeleton (Crypt:1)
  21 vampire knights
  4 ironbound thunderhulks
  3 war gargoyles
  A halazid warlock (Desolation)
  6 deep elf demonologists
  6 green draconians (Depths:4)
  12 dire elephants
  4 black draconians (Depths:4)
  13 bennus
  7 deep elf annihilators
  6 red draconians (Depths:4)
  9 deep elf death magi
  20 purple draconians
  6 spark wasps
  A starcursed mass (Abyss:1)
  5 blizzard demons
  Azrael (Spider:2)
  5 white draconians (Depths:4)
  22 mummy priests
  A green death (Pan)
  3 crystal guardians
  5 eidola
  12 ettins
  7 statues (WizLab)
  8 ragged hierophants (Desolation)
  7 merfolk impalers
  Josephine (D:14)
  12 jiangshi
  3 deep elf high priests
  5 entropy weavers
  13 great orbs of eyes
  6 merfolk javelineers
  10 fire dragons
  4 spriggan zombies
  12 yaktaur captains
  Fannar (D:11)
  6 ice dragons
  34 vault guards
  3 rakshasas
  7 servants of whispers (Desolation)
  A hell beast (Pan)
  2 ogre magi (D:15)
  2 catoblepae
  3 radroaches
  11 peacekeepers
  3 spriggan air magi
  An Orb Guardian zombie (Crypt:2)
  4 hydras
  10 centaur warriors
  2 jorogumos (Spider:3)
  An anaconda (shapeshifter) (Vaults:4)
  4 merfolk avatars
  A spriggan skeleton (Tomb:1)
  3 ironbound frosthearts
  3 demonspawn (Orc:2)
  10 two-headed ogres
  4 alligator snapping turtles
  2 death knights
  12 death yaks
  6 boulder beetles
  31 dancing weapons
  9 deep troll shamans
  A bennu skeleton (Crypt:2)
  5 merfolk aquamancers
  6 deep troll earth magi
  6 orc high priests
  4 satyrs
  10 vampire magi
  Urug (Lair:3)
  4 spriggan berserkers
  66 death scarabs
  3 occultists
  20 deep elf knights
  9 tengu warriors
  11 sun demons
  5 demonic crawlers
  Nergalle (D:11)
  6 soul eaters
  8 thrashing horrors
  A bunyip zombie (Crypt:2)
  6 wretched stars
  A pharaoh ant (Spider:2)
  3 sixfirhies
  6 skysharks
  A salamander mystic (Depths:4)
  6 shadow demons (Pan)
  2 goliath frogs (Shoals:3)
  7 iron trolls
  41 skeletal warriors
  3 death drakes
  4 flayed ghosts
  A storm dragon skeleton (Crypt:2)
  12 sea snakes
  9 orb spiders
  A glowing orange brain (shapeshifter) (Depths:3)
  2 anaconda zombies
  2 deep trolls (shapeshifter)
  52 deep trolls
  10 deep elf archers
  A spriggan simulacrum (Crypt:1)
  19 phantasmal warriors
  14 lindwurms
  5 glowing orange brains
  7 orc knights
  18 ironbound convokers
  2 iron giant skeletons
  28 deep elf zephyrmancers
  A kraken simulacrum (Shoals:4)
  6 arcanists
  3 oklob plants
  5 necromancers
  4 steelbarb worms
  2 anaconda skeletons (Volcano)
  30 deep elf pyromancers
  23 harpies
  A wolf spider (shapeshifter) (Vaults:2)
  7 fauns
  A jorogumo zombie (Crypt:2)
  3 salamanders (Depths:4)
  10 orc sorcerers
  44 ugly things
  12 wolf spiders
  14 manticores
  A faun (shapeshifter) (Vaults:4)
  3 moths of wrath
  3 alligator skeletons (Volcano)
  7 cyclopes
  A shining eye (shapeshifter) (Vaults:1)
  9 merfolk sirens
  16 elephants
  Joseph (D:7)
  A centaur zombie (Tomb:3)
  A rust devil (Abyss:3)
  A black mamba (shapeshifter) (D:14)
  10 vault sentinels
  2 black mambas
  A water nymph (shapeshifter) (Vaults:4)
  4 naga zombies
  A guardian serpent (Desolation)
  4 orange demons (Pan)
  A molten gargoyle (Desolation)
  7 gargoyles
  A dire elephant zombie (Crypt:3)
  6 water nymphs
  3 torpor snails
  Maggie (D:7)
  11 smoke demons
  6 rime drakes
  2 unseen horrors
  15 cane toads
  7 large abominations
  A tormentor (Pan)
  2 dire elephant skeletons (Crypt:1)
  A sea snake zombie (Crypt:1)
  2 ice devils
  11 tengu conjurers
  A red draconian skeleton (Crypt:1)
  18 komodo dragons
  A black draconian zombie (Crypt:2)
  4 freezing wraiths
  33 yaktaurs
  A silent spectre (Abyss:3)
  7 harpy zombies
  A death yak skeleton (Crypt:3)
  48 guardian mummies
  32 merfolk
  A polar bear (shapeshifter) (D:14)
  11 hornets
  A queen bee (Lair:2)
  2 trolls
  9 polar bears
  50 saltlings (Desolation)
  19 tarantellas
  A hydra zombie (Crypt:3)
  A queen bee (shapeshifter) (D:13)
  3 wind drakes
  Grinder (D:6)
  2 hellwings (Abyss:3)
  6 snapping turtles
  A jumping spider zombie (Crypt:1)
  2 tarantellas (shapeshifter)
  2 raiju (Abyss:3)
  A hydra skeleton (Crypt:1)
  25 blink frogs
  An ettin zombie (Tomb:1)
  2 glass eyes
  18 jumping spiders
  8 dream sheep
  3 harpy skeletons
  3 ettin skeletons
  80 slime creatures
  A black mamba zombie (Crypt:3)
  2 shadows
  2 vampires
  23 spriggans
  2 air elementals
  17 culicivoras
  2 ynoxinuls
  18 water elementals
  A merfolk skeleton (Tomb:1)
  A yak (shapeshifter) (D:14)
  37 yaks
  23 wraiths
  13 ushabtiu
  4 fire elementals
  6 wyverns
  A satyr skeleton (Crypt:1)
  5 golden eyes
  2 redbacks (shapeshifter)
  10 vampire mosquitoes
  4 neqoxecs (Pan)
  2 steam dragons
  27 redbacks
  7 basilisks
  A warg (Orc:2)
  A demonspawn zombie (Crypt:2)
  2 chaos spawn
  A water nymph zombie (Crypt:2)
  3 small abominations
  2 acid dragons
  A harpy simulacrum (Crypt:2)
  A water nymph skeleton (Crypt:3)
  18 water moccasins
  4 hell hounds (Spider:3)
  A deep troll skeleton (Crypt:3)
  An ice beast (Vaults:1)
  26 orc warriors
  2 manticore zombies (Shoals:1)
  A snapping turtle zombie (Crypt:3)
  3 black bears
  A blink frog zombie (Crypt:1)
  4 boggarts (Lair:5)
  5 laughing skulls
  A wolf (shapeshifter) (D:15)
  38 wolves
  6 ogres
  19 centaurs
  A phantom (D:4)
  A draconian zombie (Crypt:1)
  A hog skeleton (Crypt:3)
  5 kobold brigands
  2 gnoll sergeants
  3 weeping skulls
  2 brain worms
  10 bullfrogs
  A komodo dragon skeleton (Crypt:3)
  6 scorpions
  A draconian skeleton (Crypt:3)
  4 earth elementals
  44 killer bees
  3 troll skeletons (Volcano)
  6 electric eels
  7 howler monkeys
  A crimson imp (D:13)
  2 bombardier beetles
  2 quasits (Abyss:1)
  3 human zombies (Crypt:1)
  An iron imp (Abyss:1)
  28 orc priests
  A hound (D:5)
  A jelly (D:7)
  2 sleepcaps
  A human skeleton (Crypt:1)
  19 orc wizards
  2 iguanas (D:5)
  2 naga skeletons
  33 mummies
  Robin (D:3)
  9 gnolls
  4 adders
  9 river rats (Sewer)
  A shadow imp (D:8)
  2 white imps
  4 ufetubi
  2 worms
  83 orcs
  11 ball pythons
  3 endoplasms
  4 giant cockroaches
  9 goblins
  10 hobgoblins
  17 jackals
  35 kobolds
  9 quokkas
  3 training dummies (Shoals:2)
  4 bats
  5 frilled lizards
  A gnoll skeleton (Crypt:1)
  A goblin skeleton (Crypt:2)
  21 rats
  A river rat skeleton (Crypt:1)
  A spectral hobgoblin (D:3)
  A spectral orc (D:10)
  A lurking horror (Abyss:3)
  A starspawn tentacle (Abyss:7)
2717 creatures vanquished.

Vanquished Creatures (collateral kills)
  A golden dragon (Vaults:5)
  A titan (Vaults:5)
  2 sphinxes (Vaults:5)
  A tengu reaver (Vaults:5)
  A shadow dragon (Vaults:5)
  A deep elf sorcerer (Vaults:5)
  A quicksilver ooze (Slime:5)
  A stone giant (Vaults:5)
  A deep elf death mage (Vaults:5)
  An ettin (Vaults:5)
  A hell knight (Vaults:5)
  3 deep trolls (Vaults:5)
  A phantasmal warrior (Vaults:5)
  2 ironbound convokers (Vaults:5)
  A necromancer (Vaults:5)
  2 yaktaurs (Vaults:5)
  An ushabti (Tomb:2)
  5 mummies (Tomb:2)
  An orc (Orc:2)
28 creatures vanquished.

Vanquished Creatures (others)
  Bai Suzhen (Vaults:4)
  A lich (Vaults:5)
  A sphinx (Vaults:5)
  3 tengu reavers (Vaults:5)
  A frost giant (Vaults:5)
  A revenant (Tomb:2)
  A vault warden (Vaults:5)
  A war gargoyle (Vaults:5)
  A deep elf annihilator (Vaults:5)
  A bennu (Tomb:2)
  A mummy priest (Tomb:2)
  An ettin (Vaults:5)
  2 yaktaur captains
  9 vault guards (Vaults:5)
  An ogre mage (Vaults:5)
  7 death scarabs (Tomb:2)
  A pharaoh ant (Spider:4)
  An orb spider (Spider:4)
  A guardian mummy (Tomb:2)
  A tormentor (Tomb:2)
  A tengu conjurer (WizLab)
  A redback (Spider:4)
  An ogre (Vaults:5)
  An orc wizard (Vaults:5)
  An orc (Vaults:5)
  12 starspawn tentacles
  7 tentacles (Shoals:4)
61 creatures vanquished.

Grand Total: 2806 creatures vanquished

Notes
Turn   | Place    | Note
-------+----------+-------------------------------------------
     0 | D:1      | FutureFunk the Octopode Shapeshifter began the quest for
                  | the Orb.
     0 | D:1      | Reached XP level 1. HP: 13/13 MP: 1/1
   189 | D:1      | Reached XP level 2. HP: 17/18 MP: 2/2
   786 | D:2      | Reached skill level 4 in Unarmed Combat
   787 | D:2      | Reached XP level 3. HP: 12/23 MP: 3/3
   844 | D:2      | Identified a scroll of acquirement
   844 | D:2      | Acquired the ring "Jejecin" {Fire Slay+2}
  1523 | D:3      | Reached skill level 5 in Unarmed Combat
  1523 | D:3      | Reached XP level 4. HP: 20/28 MP: 4/4
  1734 | D:3      | Reached XP level 5. HP: 33/33 MP: 5/5
  1833 | D:3      | Noticed Robin
  1847 | D:3      | Killed Robin
  1892 | D:3      | Found a faded altar of an unknown god.
  2149 | D:3      | Reached skill level 6 in Unarmed Combat
  2528 | D:4      | Reached XP level 6. HP: 36/38 MP: 6/6
  2581 | D:4      | Reached skill level 7 in Unarmed Combat
  2642 | D:4      | HP: 2/57 [phantom (3)]
  2740 | D:4      | Found a glowing drain.
  2759 | Sewer    | Entered a sewer
  2831 | Sewer    | Reached XP level 7. HP: 43/43 MP: 7/7
  2928 | Sewer    | Reached skill level 8 in Unarmed Combat
  3037 | Sewer    | Reached XP level 8. HP: 48/48 MP: 8/8
  3710 | D:4      | Found Zaxzuf's General Store.
  3777 | D:5      | Entered Level 5 of the Dungeon
  3781 | D:5      | Found a bloodstained altar of Trog.
  4702 | D:6      | Noticed Grinder
  4707 | D:6      | Killed Grinder
  4708 | D:6      | Reached XP level 9. HP: 41/53 MP: 9/9
  4941 | D:6      | Found a staircase to the Ecumenical Temple.
  4999 | Temple   | Entered the Ecumenical Temple
  5008 | Temple   | Became a worshipper of Gozag Ym Sagoz the Greedy
  5187 | D:7      | Noticed Joseph
  5196 | D:7      | Killed Joseph
  5403 | D:4      | Bought an amulet of reflection for 300 gold pieces
  5742 | D:7      | Found Comp's Vocational Training.
  5807 | D:7      | Found a radiant altar of Vehumet.
  5879 | D:7      | Noticed Maggie
  5885 | D:7      | Killed Maggie
  6212 | D:8      | Reached XP level 10. HP: 44/58 MP: 10/10
  7081 | D:9      | Found Lioharphi's Weapon Shoppe.
  7228 | D:9      | Found a staircase to the Orcish Mines.
  7455 | D:9      | Noticed a deep elf pyromancer
  7456 | D:9      | Noticed a cyan ugly thing
  7458 | D:9      | Noticed a boulder beetle
  7459 | D:9      | Found a transporter.
  7464 | D:9      | Noticed a gargoyle
  7503 | D:9      | Found a snail-covered altar of Cheibriados.
  7503 | D:9      | Found a glowing silver altar of Zin.
  7507 | D:9      | Found a shimmering altar of Xom.
  7512 | D:9      | Found a blossoming altar of Fedhas.
  7603 | D:9      | Found a transporter.
  7603 | D:9      | Identified the ring "Alinunip" {*Slow rElec rF+++ Will+
                  | Str-5}
  7658 | D:9      | Found a burning altar of Makhleb.
  7845 | D:10     | Entered Level 10 of the Dungeon
  7898 | D:10     | Reached XP level 11. HP: 63/63 MP: 11/11
  8006 | D:10     | Learned a level 2 spell: Blink
  8453 | D:10     | Found Olistup's Self-Improvement Boutique.
  8485 | D:10     | Found a hazy altar of Hepliaklqana.
  8563 | D:10     | Reached skill level 15 in Shapeshifting
  8587 | D:10     | Found a staircase to the Lair.
  8732 | D:10     | Found Vanety's Magic Scroll Emporium.
  8813 | D:11     | Reached skill level 1 in Shields
  9063 | D:11     | Noticed Fannar
  9070 | D:11     | Killed Fannar
  9136 | D:11     | Noticed a manticore
  9141 | D:11     | Killed a manticore
  9207 | D:11     | Reached skill level 5 in Shields
  9241 | D:11     | You fall into a shaft and drop 2 floors!
  9250 | D:13     | Noticed a cyclops
  9256 | D:13     | Killed a cyclops
  9314 | D:12     | Noticed a two-headed ogre
  9380 | D:11     | Noticed a boulder beetle
  9399 | D:11     | Killed a boulder beetle
  9487 | D:11     | Found a shimmering blue altar of Sif Muna.
  9499 | D:11     | Noticed Nergalle
  9514 | D:11     | Killed Nergalle
  9572 | D:11     | Reached XP level 12. HP: 68/68 MP: 12/12
  9623 | D:11     | Identified the +2 ring mail "Puawukh" {Int+3}
  9760 | D:12     | Killed a two-headed ogre
  9893 | D:12     | Reached skill level 9 in Unarmed Combat
 10003 | D:12     | Reached skill level 10 in Unarmed Combat
 10223 | D:12     | Bought a +5 ring of evasion for 540 gold pieces
 10664 | D:13     | Found Mumew's General Store.
 10745 | D:13     | Reached skill level 5 in Fighting
 10781 | D:13     | Noticed a boulder beetle
 10797 | D:13     | Killed a boulder beetle
 10974 | D:13     | Found Righ's Jewellery Emporium.
 11045 | D:13     | Found Ifuacs's General Store.
 11143 | D:13     | Found Fukloc's Distillery.
 11151 | D:13     | Bought a potion of heal wounds for 70 gold pieces
 11151 | D:13     | Bought a potion of heal wounds for 70 gold pieces
 11384 | D:13     | Noticed a two-headed ogre
 11406 | D:13     | Killed a two-headed ogre
 11407 | D:13     | Reached XP level 13. HP: 83/83 MP: 13/13
 11701 | D:13     | Found Wierut's Assorted Antiques.
 11857 | D:14     | Got Ezxos's Encyclopedia of Productive Portals
 12036 | D:14     | Noticed Josephine
 12042 | D:14     | Killed Josephine
 12085 | D:14     | Found a gate to the Vaults.
 12085 | D:14     | Noticed a vault guard
 12085 | D:14     | Noticed a vault guard
 12085 | D:14     | Noticed a vault guard
 12085 | D:14     | Noticed a vault guard
 12094 | D:14     | Killed a vault guard
 12116 | D:14     | Killed a vault guard
 12140 | D:14     | Killed a vault guard
 12147 | D:14     | Killed a vault guard
 12330 | D:14     | Reached skill level 5 in Dodging
 12512 | D:15     | Entered Level 15 of the Dungeon
 12702 | D:15     | Reached XP level 14. HP: 90/90 MP: 14/14
 12924 | D:13     | Bought the ring of the Puckish God {rElec rF- rCorr EV+5
                  | Slay+3} for 795 gold pieces
 13529 | D:15     | Reached skill level 10 in Shields
 13811 | D:15     | Found a staircase to the Depths.
 13925 | D:15     | Found a white marble altar of Elyvilon.
 14285 | Orc:1    | Entered Level 1 of the Orcish Mines
 14431 | Orc:1    | Noticed a kraken
 14496 | Orc:2    | Entered Level 2 of the Orcish Mines
 14587 | Orc:2    | Learned a level 3 spell: Ozocubu's Armour
 14808 | Orc:2    | Paralysed by an orc sorcerer for 3 turns
 14943 | D:12     | Bought the ring of the Magpie {Fire *Corrode Will+++ Str+7
                  | Dex-2} for 973 gold pieces
 15220 | Orc:2    | Found Jetoklapt's Magic Scroll Emporium.
 15268 | Orc:2    | Reached skill level 11 in Unarmed Combat
 15475 | Orc:2    | Found Ynkotwui's Magic Scroll Shoppe.
 15565 | Orc:2    | Reached skill level 12 in Unarmed Combat
 15565 | Orc:2    | Reached XP level 15. HP: 94/94 MP: 15/15
 15674 | Orc:2    | Reached skill level 13 in Unarmed Combat
 15727 | Orc:2    | Found Zefuf's Jewellery Boutique.
 15727 | Orc:2    | Found Voarogozoi's Antique Armour Shop.
 15727 | Orc:2    | Found a one-way gate leading to the halls of Pandemonium.
 15799 | Orc:2    | Found a staircase to the Elven Halls.
 16079 | Lair:1   | Entered Level 1 of the Lair of Beasts
 16753 | Lair:2   | Reached skill level 10 in Dodging
 16894 | D:13     | Bought a manual of Ice Magic for 1120 gold pieces
 16968 | Lair:2   | Reached skill level 1 in Spellcasting
 17060 | Lair:2   | Reached skill level 1 in Ice Magic
 17324 | Lair:2   | Reached skill level 5 in Ice Magic
 17343 | Lair:2   | Acquired 973 gold pieces
 18038 | Lair:3   | Found an ornate altar of the Wu Jian Council.
 18196 | Lair:3   | Noticed Urug
 18206 | Lair:3   | Killed Urug
 18249 | Lair:3   | Found a dark tunnel.
 18256 | Volcano  | Entered a volcano
 18324 | Volcano  | Reached skill level 10 in Ice Magic
 18716 | Lair:3   | Reached XP level 16. HP: 101/101 MP: 19/19
 18731 | Lair:3   | Noticed Gastronok
 18736 | Lair:3   | Found a staircase to the Shoals.
 18744 | Lair:3   | Killed Gastronok
 19066 | Lair:3   | Found a hole to the Spider Nest.
 20216 | Lair:5   | Entered Level 5 of the Lair of Beasts
 20569 | Lair:5   | Got the Book of Charmed Topology
 20792 | Lair:5   | Reached skill level 14 in Unarmed Combat
 20943 | Lair:5   | Found a staircase to the Slime Pits.
 21058 | Lair:5   | Found a runed translucent gate.
 21059 | Lair:5   | Found a runed translucent gate.
 21095 | Lair:5   | Noticed Ratslayer's ghost (journeyman MiBe)
 21108 | Lair:5   | Found a runed translucent gate.
 21682 | Elf:1    | Entered Level 1 of the Elven Halls
 21820 | Elf:1    | Noticed Louise
 21825 | Elf:1    | Found Raixitulomn's Assorted Antiques.
 21838 | Elf:1    | Killed Louise
 21839 | Elf:1    | Reached XP level 17. HP: 109/109 MP: 20/20
 21977 | Elf:1    | Reached skill level 15 in Unarmed Combat
 22165 | Elf:1    | Identified the +11 halberd of Chagrin {vamp, rCorr Int+2}
 22165 | Elf:1    | Identified the ring of Ikkafeox {*Slow rPois rF+ rCorr
                  | Int+3}
 22437 | Elf:1    | Identified the +5 whip of Biott {spect, *Slow rF+ Will+
                  | Dex+4}
 22739 | Elf:1    | Identified the ring of the Garden {Fire ^Contam rPois rN+
                  | rCorr}
 23073 | Elf:2    | Identified the +0 cloak "Osatos" {Str+3}
 23148 | Elf:2    | Found Rafoprot's Distillery.
 23152 | Elf:2    | Found Ixeurgha's Antique Weapon Emporium.
 23197 | Elf:2    | Bought a potion of heal wounds for 70 gold pieces
 23197 | Elf:2    | Bought a potion of haste for 140 gold pieces
 23252 | Elf:2    | Paralysed by an air elemental for 1 turns
 23920 | D:13     | Bought a potion of heal wounds for 70 gold pieces
 23928 | D:13     | Bought the ring "Oxaicvekh" {rElec rF+++ rC+ Str+3 Int-3}
                  | for 1036 gold pieces
 23936 | D:13     | Bought the ring "Eryafih" {rF+ rN+++ Str-3 Dex-2 Stlth+}
                  | for 679 gold pieces
 24124 | Spider:1 | Entered Level 1 of the Spider Nest
 24292 | D:10     | Bought a scroll of blinking for 112 gold pieces
 24412 | Orc:2    | Bought a scroll of blinking for 97 gold pieces
 25410 | Spider:2 | Identified the +7 great sword "Wuaxt" {freeze, ^Drain rN+
                  | Str+3 Int+4}
 25510 | Spider:2 | Reached skill level 10 in Fighting
 25637 | Spider:3 | Noticed Azrael
 25664 | Spider:2 | Killed Azrael
 25665 | Spider:2 | Reached XP level 18. HP: 120/120 MP: 21/21
 25960 | Spider:3 | Noticed Mlioglotl
 25973 | Spider:3 | Killed Mlioglotl
 26654 | D:7      | Bought a manual of Evocations for 1200 gold pieces
 26836 | Spider:4 | Entered Level 4 of the Spider Nest
 26848 | Spider:3 | Reached skill level 1 in Evocations
 26927 | Spider:4 | HP: 6/156 [disintegration (46)]
 27209 | Spider:4 | Reached skill level 5 in Evocations
 27731 | Spider:4 | Reached skill level 10 in Evocations
 27786 | Spider:4 | Got a gossamer rune of Zot
 28189 | Shoals:1 | Entered Level 1 of the Shoals
 28422 | Shoals:1 | Noticed Jorgrun
 28429 | Shoals:1 | Killed Jorgrun
 28577 | Shoals:1 | Identified the +0 kite shield "Qusuy" {Int+5}
 28577 | Shoals:1 | Noticed Donald
 28586 | Shoals:1 | Killed Donald
 28966 | Shoals:2 | Found Giurynac's Firing Range.
 29199 | Shoals:2 | Reached XP level 19. HP: 126/126 MP: 22/22
 29387 | Shoals:2 | Reached skill level 16 in Unarmed Combat
 29616 | Shoals:3 | Noticed Polyphemus
 29623 | Shoals:3 | Killed Polyphemus
 29870 | Shoals:3 | Noticed Ilsuiw
 29901 | Shoals:3 | Killed Ilsuiw
 29902 | Shoals:3 | Reached skill level 17 in Unarmed Combat
 29986 | Shoals:3 | Noticed Mara
 29991 | Shoals:3 | Noticed FutureFunk's illusion
 30211 | Shoals:3 | Noticed FutureFunk's illusion
 30228 | Shoals:3 | Noticed FutureFunk's illusion
 30233 | Shoals:3 | Killed Mara
 30573 | Shoals:4 | Entered Level 4 of the Shoals
 30775 | Shoals:4 | Found Wulailyi's Antique Armour Shoppe.
 30784 | Shoals:4 | Bought the -2 hat of the Alchemist {rElec rPois rF+ rC+ rN+
                  | Will+ rMut rCorr} for 1699 gold pieces
 30784 | Shoals:4 | Found the -2 hat of the Alchemist {rElec rPois rF+ rC+ rN+
                  | Will+ rMut rCorr}
 30819 | Shoals:4 | Reached skill level 15 in Shields
 31111 | Shoals:4 | Identified the +5 hand axe "Suocw" {freeze, +Blink Will+
                  | Int-2}
 31143 | Shoals:4 | Got a barnacled rune of Zot
 31270 | Shoals:4 | Identified the ring of the Doge {rCorr Str+3 Dex+3}
 31768 | Vaults:1 | Entered Level 1 of the Vaults
 32087 | Vaults:1 | Got the Atlas of Curses
 32139 | Vaults:1 | Reached XP level 20. HP: 132/132 MP: 23/23
 33311 | Vaults:2 | Learned a level 3 spell: Frozen Ramparts
 33517 | Vaults:2 | Found a staircase to the Crypt.
 34040 | Vaults:2 | Reached XP level 21. HP: 90/140 MP: 24/24
 34231 | Vaults:2 | Identified the ring of the Suburbs {Fly rPois rCorr}
 34258 | Vaults:2 | Identified the +7 flail of Taj Xehu {pain, Dex+2}
 34389 | Vaults:2 | Identified the ring "Suinim Vyafo" {rElec rF+ Str+2 Int+3
                  | Dex+6}
 34415 | Vaults:2 | Got the Book of the Radiant Wayfarer
 34729 | Vaults:3 | Reached skill level 18 in Unarmed Combat
 35265 | Vaults:3 | Reached skill level 19 in Unarmed Combat
 35865 | Vaults:4 | Found Nitotar's Magic Scroll Shoppe.
 35918 | Vaults:4 | Found a crumbling gateway.
 35932 | Desolati | Entered the Desolation of Salt
 36058 | Desolati | Reached skill level 20 in Unarmed Combat
 36106 | Desolati | Identified the staff "Lacvaxt" {rC+ Stlth+ Conj}
 36165 | Desolati | Identified the +5 plate armour "Owefet" {SInv}
 36380 | Desolati | Reached skill level 1 in Stealth
 36417 | Desolati | Reached skill level 5 in Stealth
 36483 | Desolati | Identified the +5 short sword of the Present {heavy,
                  | ^Fragile rC+ Dex+3 Stlth+}
 36495 | Desolati | Got the Verses on Chthonic Wanderlust
 36568 | Desolati | Identified the +6 morningstar of Fate {elec, *Noise rPois
                  | Str+2 Dex+3}
 36570 | Desolati | Got the Papyrus of Execration
 36577 | Desolati | Identified the ring "Soudir" {rElec rC+ Str+4}
 36610 | Desolati | Reached XP level 22. HP: 146/146 MP: 25/25
 36768 | Vaults:3 | Bought a scroll of revelation for 232 gold pieces
 37121 | Vaults:4 | Reached skill level 10 in Stealth
 37927 | Depths:1 | Entered Level 1 of the Depths
 37931 | Depths:1 | Found Waugijad's General Store.
 38071 | Depths:1 | Bought a scroll of fear for 68 gold pieces
 38071 | Depths:1 | Bought a scroll of teleportation for 51 gold pieces
 38071 | Depths:1 | Bought a potion of berserk rage for 85 gold pieces
 38095 | Depths:1 | Found a gateway to Hell.
 38138 | Depths:1 | Found a magical portal.
 38148 | WizLab   | Entered Iskenderun's Mystic Tower
 38494 | WizLab   | Reached skill level 15 in Stealth
 38754 | WizLab   | Got the Almanac of the Crevasse
 38765 | WizLab   | Got Iskenderun's Spellbook of Concussion
 38765 | WizLab   | Got Iskenderun's Tome of Destruction
 39249 | Depths:1 | You fall into a shaft and drop 1 floor!
 39324 | Depths:2 | Found a shadowy altar of Dithmenos.
 39722 | Depths:2 | Reached XP level 23. HP: 152/152 MP: 26/26
 39741 | Depths:2 | Found a one-way gate to the infinite horrors of the Abyss.
 39764 | Depths:2 | Noticed a caustic shrike
 39772 | Depths:2 | Killed a caustic shrike
 40021 | Depths:2 | Identified the +10 dagger "Conservator" {heavy, Stlth+}
 40151 | Depths:2 | Found Ceijet's Assorted Antiques.
 40155 | Depths:2 | Bought a scroll of blinking for 217 gold pieces
 40198 | Depths:3 | Noticed the Enchantress
 40261 | Depths:2 | Killed the Enchantress
 40278 | Depths:3 | Noticed Vv
 40429 | Depths:3 | Killed Vv
 40834 | Depths:3 | Reached skill level 21 in Unarmed Combat
 40927 | Depths:3 | Noticed a juggernaut
 40927 | Depths:3 | Noticed Pewaar's ghost (journeyman DsNe)
 40929 | Depths:3 | Found a bloodstained altar of Trog.
 40946 | Depths:3 | Found a transporter.
 40953 | Depths:3 | Found a transporter.
 41186 | Depths:3 | Noticed a caustic shrike
 41193 | Depths:3 | Killed a caustic shrike
 41270 | Depths:3 | Acquired a manual of Shapeshifting
 41477 | Depths:3 | Found a corrupted altar of Lugonu.
 41573 | Depths:4 | Entered Level 4 of the Depths
 41619 | Depths:3 | Reached skill level 22 in Unarmed Combat
 41786 | Depths:4 | Noticed a juggernaut
 41796 | Depths:4 | Killed a juggernaut
 41903 | Depths:4 | Reached XP level 24. HP: 158/158 MP: 26/26
 41911 | Depths:4 | Found a one-way gateway to a ziggurat.
 42498 | Depths:4 | Found a gate to the Realm of Zot.
 43017 | Crypt:1  | Entered Level 1 of the Crypt
 43627 | Elf:2    | Found a runed translucent gate.
 43627 | Elf:2    | Found a runed translucent gate.
 43629 | Elf:2    | Found a runed translucent gate.
 44103 | Elf:3    | Entered Level 3 of the Elven Halls
 44528 | Elf:3    | Identified the +1 sling "Fotum" {freeze, rCorr}
 44681 | Elf:3    | Reached XP level 25. HP: 169/169 MP: 26/26
 44907 | Elf:3    | Identified the +2 lajatang of the Four Wishes {heavy, rPois
                  | Str+2 Dex-4}
 44929 | Elf:3    | Got the Catalogue of Transfiguration
 44930 | Elf:3    | Identified the +6 scale mail of Kulaifuq {^Contam Int+6}
 44937 | Elf:3    | Identified the +2 glaive of Revolt {freeze, *Corrode Str+5
                  | Dex+3 SInv}
 44952 | Elf:3    | Identified the +2 falchion "Juqein" {flame, Fly rElec rF+}
 44957 | Elf:3    | Identified the +0 ring mail of Least Resistance {^Drain
                  | Slay+5}
 44964 | Elf:3    | Identified the +0 robe of the Minstrel {Str+3}
 44970 | Elf:3    | Identified the +0 chain mail of Dupn {rF+}
 45411 | Vaults:5 | Entered Level 5 of the Vaults
 45460 | Vaults:5 | Noticed Bai Suzhen
 45507 | Vaults:5 | Identified the amulet of Curiosity {Spirit Dex+3 Stlth+}
 45556 | Vaults:4 | Killed Bai Suzhen
 45560 | Vaults:4 | Reached skill level 23 in Unarmed Combat
 45695 | Vaults:5 | Noticed Boris
 46325 | Vaults:5 | Identified the +0 cloak of the Lily {rN++ Int+2}
 46730 | Vaults:5 | Got a silver rune of Zot
 46776 | Vaults:5 | Identified the +1 morningstar of Irrepressible Laughter
                  | {holy, rN+ Str+3 Dex+4}
 47068 | Vaults:5 | Reached skill level 24 in Unarmed Combat
 47561 | Crypt:1  | Noticed Grunn
 47580 | Crypt:1  | Identified the serpent talisman of the Tarantula {MP+9
                  | Str+3 Int+4}
 47580 | Crypt:1  | Noticed Aizul
 47580 | Crypt:1  | Killed Grunn
 47591 | Crypt:1  | Killed Aizul
 48245 | Crypt:2  | Found a burning altar of Makhleb.
 48287 | Crypt:2  | Found a glowing golden altar of the Shining One.
 48293 | Crypt:2  | Noticed Zenata
 48305 | Crypt:2  | Killed Zenata
 48904 | Crypt:3  | Entered Level 3 of the Crypt
 48904 | Crypt:3  | Noticed a dread lich
 48912 | Crypt:3  | Killed a dread lich
 48913 | Crypt:3  | Reached XP level 26. HP: 175/175 MP: 26/26
 49063 | Crypt:3  | Reached skill level 15 in Dodging
 49879 | Crypt:3  | Found an ancient bone altar of Kikubaaqudgha.
 49890 | Crypt:3  | Identified the ring "Heoll" {+Blink rF++ Str+6 Int-4
                  | Slay+3}
 49904 | Crypt:3  | Identified the +9 dagger of the Owl {heavy, rPois rC+
                  | Str-3}
 50051 | Crypt:3  | Got the Anthology of Rot
 50329 | Crypt:3  | Identified the ring "Cacaqusous" {rN+ Will+ Int+3}
 50329 | Crypt:3  | Identified the ring of Hael {rF+ rN+ rCorr Str+2}
 50509 | Crypt:3  | Found a staircase to the Tomb.
 50673 | Tomb:1   | Entered Level 1 of the Tomb of the Ancients
 51186 | Tomb:1   | Got the Textbook on Flinty Geometries
 51294 | Tomb:1   | Noticed a royal mummy
 51300 | Tomb:1   | Noticed a royal mummy
 51308 | Tomb:1   | Killed a royal mummy
 51315 | Tomb:1   | Killed a royal mummy
 51343 | Tomb:1   | Noticed a royal mummy
 51356 | Tomb:1   | Killed a royal mummy
 51473 | Tomb:1   | Noticed a royal mummy
 51482 | Tomb:1   | Killed a royal mummy
 51765 | Tomb:2   | Noticed a royal mummy
 51765 | Tomb:2   | Noticed a royal mummy
 51765 | Tomb:2   | Noticed a royal mummy
 51982 | Tomb:2   | Noticed a royal mummy
 51982 | Tomb:2   | Noticed a royal mummy
 52006 | Tomb:2   | Reached XP level 27. HP: 129/180 MP: 26/26
 52027 | Tomb:2   | Killed a royal mummy
 52052 | Tomb:2   | Killed a royal mummy
 52069 | Tomb:2   | Killed a royal mummy
 52074 | Tomb:2   | Killed a royal mummy
 52089 | Tomb:2   | HP: 8/180 [ushabti (6)]
 52272 | Tomb:2   | Killed a royal mummy
 52906 | Tomb:1   | Noticed a royal mummy
 52913 | Tomb:1   | Killed a royal mummy
 52913 | Tomb:1   | Noticed a royal mummy
 52919 | Tomb:1   | Killed a royal mummy
 52960 | Tomb:1   | Noticed a royal mummy
 52962 | Tomb:1   | Noticed a royal mummy
 52966 | Tomb:1   | Killed a royal mummy
 52972 | Tomb:1   | Noticed a royal mummy
 52977 | Tomb:1   | Killed a royal mummy
 52986 | Tomb:1   | Killed a royal mummy
 53013 | Tomb:1   | Noticed a royal mummy
 53021 | Tomb:1   | Killed a royal mummy
 53038 | Tomb:1   | Noticed a royal mummy
 53047 | Tomb:1   | Killed a royal mummy
 53051 | Tomb:1   | Noticed a royal mummy
 53058 | Tomb:1   | Killed a royal mummy
 53069 | Tomb:1   | Noticed a royal mummy
 53076 | Tomb:1   | Killed a royal mummy
 53109 | Tomb:1   | Noticed a royal mummy
 53113 | Tomb:1   | Noticed a royal mummy
 53118 | Tomb:1   | Killed a royal mummy
 53123 | Tomb:1   | Killed a royal mummy
 53128 | Tomb:1   | Noticed a royal mummy
 53138 | Tomb:1   | Killed a royal mummy
 53139 | Tomb:1   | Noticed a royal mummy
 53143 | Tomb:1   | Noticed a royal mummy
 53148 | Tomb:1   | Killed a royal mummy
 53154 | Tomb:1   | Killed a royal mummy
 53166 | Tomb:1   | Noticed a royal mummy
 53168 | Tomb:1   | Paralysed by a Zot trap for 5 turns
 53179 | Tomb:1   | Killed a royal mummy
 53195 | Tomb:1   | Noticed a royal mummy
 53201 | Tomb:1   | Killed a royal mummy
 53287 | Tomb:1   | Noticed a royal mummy
 53294 | Tomb:1   | Killed a royal mummy
 53314 | Tomb:1   | Noticed a royal mummy
 53321 | Tomb:1   | Killed a royal mummy
 53324 | Tomb:1   | Noticed a royal mummy
 53332 | Tomb:1   | Killed a royal mummy
 53343 | Tomb:1   | Noticed a royal mummy
 53353 | Tomb:1   | Killed a royal mummy
 53370 | Tomb:1   | Noticed a royal mummy
 53372 | Tomb:1   | Noticed a royal mummy
 53380 | Tomb:1   | Killed a royal mummy
 53389 | Tomb:1   | Killed a royal mummy
 53887 | Tomb:2   | Reached skill level 25 in Unarmed Combat
 54072 | Tomb:3   | Entered Level 3 of the Tomb of the Ancients
 54093 | Tomb:3   | Noticed a royal mummy
 54099 | Tomb:3   | Killed a royal mummy
 54103 | Tomb:3   | Noticed a royal mummy
 54143 | Tomb:3   | Noticed a royal mummy
 54159 | Tomb:3   | Noticed a royal mummy
 54159 | Tomb:3   | Noticed a royal mummy
 54438 | Tomb:3   | Noticed a royal mummy
 54441 | Tomb:3   | Noticed a royal mummy
 54444 | Tomb:3   | Noticed a royal mummy
 54467 | Tomb:3   | Killed a royal mummy
 54483 | Tomb:3   | Killed a royal mummy
 54815 | Tomb:3   | Killed a royal mummy
 54822 | Tomb:3   | Killed a royal mummy
 54859 | Tomb:3   | Killed a royal mummy
 54860 | Tomb:3   | Reached skill level 26 in Unarmed Combat
 54879 | Tomb:3   | Killed a royal mummy
 54911 | Tomb:3   | Identified the dragon-blood talisman "Hoenogu" {Will- MP+9
                  | Dex-5 Stlth+}
 54942 | Tomb:3   | Identified the +1 broad axe of Might {drain, rPois rF+
                  | Int+3}
 55031 | Tomb:3   | Got the Atlas of the Polluted Deep Freeze
 55138 | Tomb:3   | Got a golden rune of Zot
 55211 | Tomb:3   | Killed a royal mummy
 55238 | Tomb:3   | Identified the ring of Ashenzari's Reproof {rPois rF+++
                  | Will- Slay+4}
 55288 | Tomb:3   | Identified the ring of Sulat {Fire rElec Dex+2}
 55291 | Tomb:3   | Identified the +0 ring mail of the Archfiend {rCorr Str-4
                  | Dex+4 Stlth+}
 55885 | Slime:1  | Entered Level 1 of the Pits of Slime
 56315 | Slime:5  | Entered Level 5 of the Pits of Slime
 56471 | Slime:5  | Found a viscous altar of Jiyva.
 56471 | Slime:5  | Noticed the Royal Jelly
 56476 | Slime:5  | Killed the Royal Jelly
 56477 | Slime:5  | Reached skill level 27 in Unarmed Combat
 56510 | Slime:5  | Found the +0 pair of fencer's gloves {Riposte Dex+3}
 56511 | Slime:5  | Found the ring of the Hare {EV+10}
 56663 | Slime:5  | Identified the +7 chain mail "Xifrosso" {rF+ rC+}
 56673 | Slime:5  | Got the Cyclopedia of Arson
 56685 | Slime:5  | Got the Compendium of Supportive Conduction
 56692 | Slime:5  | Identified the ring "Kumebra" {rPois rC+ Dex+4 Stlth+}
 56759 | Slime:5  | Found the +5 glaive of the Guard {elec, spectral}
 56808 | Slime:5  | Got a slimy rune of Zot
 57330 | Depths:2 | Voluntarily entered the Abyss.
 57335 | Abyss:1  | Found a corrupted altar of Lugonu.
 57345 | Abyss:1  | Found a corrupted altar of Lugonu.
 57517 | Abyss:1  | Found a corrupted altar of Lugonu.
 57921 | Abyss:3  | Found a corrupted altar of Lugonu.
 57962 | Abyss:3  | Found a corrupted altar of Lugonu.
 57963 | Abyss:3  | Found a corrupted altar of Lugonu.
 57963 | Abyss:3  | Found a corrupted altar of Lugonu.
 58097 | Abyss:3  | Found a corrupted altar of Lugonu.
 58162 | Abyss:3  | Got an abyssal rune of Zot
 58192 | Depths:2 | Escaped the Abyss
 58203 | Depths:2 | Bought a scroll of teleportation for 51 gold pieces
 58203 | Depths:2 | Bought a potion of haste for 170 gold pieces
 58203 | Depths:2 | Bought a scroll of teleportation for 51 gold pieces
 58541 | Depths:2 | Bought a storm talisman for 2000 gold pieces
 58541 | Depths:2 | Bought the macabre finger necklace {Finger+ rN+} for 1000
                  | gold pieces
 58541 | Depths:2 | Found the macabre finger necklace {Finger+ rN+}
 58555 | Depths:2 | Bought the ring of the Firefly {rF- rN+ Will+ Dex+3 Slay+6}
                  | for 1427 gold pieces
 58734 | Pan      | Entered Pandemonium
 58930 | Pan      | Found a runed translucent door.
 58931 | Pan      | Found a runed translucent door.
 58934 | Pan      | Found a runed translucent door.
 58947 | Pan      | Noticed Ampiyxyi the pandemonium lord
 58954 | Pan      | Killed Ampiyxyi the pandemonium lord
 58964 | Pan      | Found a runed translucent door.
 59020 | Pan      | Gained mutation: You occasionally lose the ability to read
                  | scrolls when taking damage. [a cacodemon]
 59374 | Pan      | Identified the amulet "Doetaxzu" {RegenMP rPois rF+ rN+
                  | SInv}
 59393 | Pan      | Noticed Lito Liaguwu the pandemonium lord
 59393 | Pan      | Found a runed translucent door.
 59397 | Abyss:6  | Found a corrupted altar of Lugonu.
 59397 | Abyss:6  | Cast into level 6 of the Abyss (Lito Liaguwu)
 59398 | Abyss:7  | Entered Level 7 of the Abyss
 59455 | Abyss:7  | Gained mutation: You sometimes lose your temper in combat.
                  | [a neqoxec]
 59491 | Pan      | Escaped the Abyss
 59499 | Pan      | Killed from afar by a white draconian stormcaller

Illustrated notes

Levels and vault maps discovered:
D:1:      psy_arrival_statuary, layout_basic
D:2:      layout_basic
D:3:      layout_basic, dreamdust_ecumenical_altar_drowned_temple,
          nicolae_concentric_dashed_squares_mild,
          nicolae_kite_square_tiling_tiny, uniq_robin
D:4:      layout_loops_cross, serial_shops, shop_coins, gup_sewer_entry_pipe
D:5:      layout_rooms, bloody_trog, st_stairs_9, nicolae_figureground_pulse
D:6:      layout_basic, temple_hall, uniq_grinder
D:7:      layout_cave_pools, mainiacjoe_overflow_alcove_1, kennysheep_doodads,
          nicolae_shop_vocational, uniq_joseph, uniq_maggie
D:8:      layout_loops_ring, serial_bayou_crossing
D:9:      gammafunk_sealed_arena, layout_irregular_city,
          nicolae_overflow_macrodata_refinement, lightli_temple_of_fire,
          erik_orc_2, serial_shops, nicolae_shop_rolling_square,
          serial_column_ruins, column_ruins_hut_ruined, column_ruins_open_tiny,
          column_ruins_open_small, column_ruins_open_tiny,
          column_ruins_open_tiny, column_ruins_grid_1, column_ruins_open_medium,
          column_ruins_columns_straight, feat_on_display
D:10:     layout_stronghold, nicolae_hepliaklqana_monster_ancestors,
          minmay_lair_entry_grove, serial_shops, nicolae_shop_rolled_up,
          nicolae_shop_self_help
D:11:     layout_loops_cross, nicolae_sif_muna_condensation, uniq_fannar,
          uniq_nergalle
D:12:     layout_loops_ring, minmay_fractal_squares_diagonal_5
D:13:     layout_grid_maze, serial_shops, shop, nicolae_shop_industrial_runoff,
          shop, nicolae_stop_n_shop_2, shop, lightli_wizard_tower
D:14:     layout_gridville, lightli_vaults_fourway_checkpoint, uniq_josephine
D:15:     gammafunk_enter_depths_forms, layout_cave_pods,
          roderic_cross_of_infinity, elyvilon_altar_1
Temple:   nicolae_temple_two_arcs
Lair:1:   layout_hall_layers, grunt_megastairs_3
Lair:2:   kb_forest_paths, layout_misc_corridors, special_room
          [special_room_bee], minmay_lair_oklob_bushes, st_stairs_3,
          serial_bayou_shore_b
Lair:3:   layout_regular_city, minmay_shoals_entry_centaurs,
          spider_nest_entry_funnel_web, nicolae_volcano_entry_two_sided,
          basic_altar, serial_bayou_lagoon_a, infiniplex_staircase_pool,
          uniq_urug, uniq_gastronok
Lair:4:   statuecave_lemuel, layout_long_grid
Lair:5:   minmay_lair_end_enchanted_forest, layout_regular_city,
          minmay_slime_entry_oklob_open, gammafunk_ghost_split,
          grunt_forest_large_clearings
Shoals:1: cheibrodos_shoals_baths, layout_shoals, nicolae_shoals_undead_eyrie,
          uniq_jorgrun, uniq_donald
Shoals:2: layout_shoals, nicolae_shop_firing_range
Shoals:3: layout_shoals, nicolae_shoals_goliath_grotto, uniq_ilsuiw, uniq_mara,
          uniq_polyphemus
Shoals:4: shoals_end_grunt_ice, layout_shoals, shoal_ilsuiw, serial_shops,
          nicolae_shop_tiny_statue_garden
Spider:1: layout_spider_delve
Spider:2: layout_spider_delve, nicolae_spider_spiderdrome
Spider:3: layout_spider_delve, uniq_mlioglotl, uniq_azrael
Spider:4: spider_rune_water
Slime:1:  layout_caves
Slime:2:  layout_caves, basic_altar
Slime:3:  layout_caves, nicolae_slime_rock_hall_of_fame
Slime:4:  layout_caves
Slime:5:  slime_pit_nicolae_block_by_block
Orc:1:    layout_caves, nicolae_orc_stony_grotto,
          mainiacjoe_minedec_watcher_in_the_water, nicolae_orc_bridge_out,
          uniq_erica
Orc:2:    pf_orc_diabolical, layout_diamond_mine
Elf:1:    eino_elf_arrival_the_gate, layout_geoelf_octagon, serial_shops, shop,
          hangedman_elven_crosses_minicolossus,
          serial_library_hellmonk_hallway_a,
          minmay_the_grid_square_5x5_3x3_mashed
          [minmay_the_grid_square_5x5_broken_cross,
          minmay_the_grid_square_5x5_mess, minmay_the_grid_square_5x5_plus,
          minmay_the_grid_square_5x5_pentomino_r,
          minmay_the_grid_square_5x5_megaprize_checkered,
          minmay_the_grid_square_5x5_inset, minmay_the_grid_square_5x5_dogpile,
          minmay_the_grid_square_5x5_percent,
          minmay_the_grid_square_5x5_inner_z], uniq_louise
Elf:2:    nicolae_elf_blades_splatter_lattice
          [nicolae_blade_entry_floor_patterns], layout_loops_ring,
          nicolae_elf_w_pinch, nicolae_wooded_promenade, lemuel_elevator
Elf:3:    minmay_elf_hall_circle, layout_geoelf_diagonals
Vaults:1: nicolae_vaults_shipping_containers_2, serial_ice_b,
          nicolae_vaults_house_2, ontoclasm_vaults_shuriken,
          nicolae_vaults_mini_display_case, v_misc_24, ontoclasm_vaults_pinch,
          vaults_mumra_hexcomb, layout_vaults_quadrants
Vaults:2: st_greater_box_3, ontoclasm_vaults_ring_large, nicolae_vaults_big_ls,
          v_misc_10, vaults_dpeg_cross, minmay_crypt_entry_simple_sparse,
          v_rooms_2, nicolae_vaults_double_plus_1, layout_vaults_maze_bifur
Vaults:3: nicolae_vaults_shrinking_rooms_1,
          nicolae_vaults_offset_grid_hallway_4, grunt_vaults_focal,
          ontoclasm_vaults_loading_screen, nicolae_vaults_house_1,
          grunt_vaults_hallway_long, ontoclasm_vaults_eye,
          nicolae_vaults_enemy_cabinets, layout_vaults_big_room
Vaults:4: portal_desolation_entry_twin_temple, nicolae_vaults_theta,
          nicolae_vaults_quadrants, vaults_room_door_ring,
          nicolae_vaults_steering_wheel, nicolae_vaults_hexular_roomagon,
          nicolae_vaults_tetromino_L_1, layout_vaults_omnibox, serial_shops,
          nicolae_lakefront_shop
Vaults:5: serial_shops, uniq_bai_suzhen, uniq_boris
Crypt:1:  layout_chaotic_city, grunt_crypt_arrival_guarded_gate, uniq_aizul,
          uniq_grunn
Crypt:2:  layout_misc_corridors, grunt_ministairs_5, nzn_life_drinkers,
          uniq_zenata
Crypt:3:  church_of_pain_bobbens, layout_chaotic_city,
          nicolae_tomb_entry_rubble_hallway
Tomb:1
Tomb:2
Tomb:3
Depths:1: layout_cave_shapes, infiniplex_enter_wizlab_water,
          grunt_decor_fettered, serial_shops, shop, hell_entry, minmay_holes,
          kennysheep_generic_room_16
Depths:2: minmay_slanted_spiral_squares, layout_twisted_cross,
          grunt_dithmenos_smoke_and_mirrors, grunt_pan_entry_in_and_out,
          serial_shops, shop, hangedman_coc_ice_floe, abyss_entry
Depths:3: evilmike_lava_path, layout_basic, hell_entry,
          gammafunk_ghost_wrathful_warriors, abyss_entry_flame_altar,
          interstate_on_off, minmay_staircase_windowed_small, uniq_vv,
          uniq_josephina, uniq_enchantress
Depths:4: lemuel_castle_with_subvaults [lemuel_castle_interior_carwin_3],
          layout_cave_pools, enter_ziggurat_b, minmay_misc_feat_tiny,
          pf_hell_entry_tar_spiral
Pan:      grunt_pan_spiral, layout_small_grid, grunt_pan_sceptre, layout_basic,
          rand_demon_9, layout_grid_shapes, pan_blood_fountain_small,
          nicolae_pan_mnolegish_4, nicolae_pan_sick_transit, rand_demon_7,
          layout_pan_divisions_b [pan_division_quadrant_b3,
          pan_division_quadrant_b2, pan_division_quadrant_b4,
          pan_division_quadrant_b3], pan_blood_fountain_small,
          evilmike_mini_pan_pillars, layout_pan_divisions_b
          [pan_division_quadrant_b4, pan_division_quadrant_b2,
          pan_division_quadrant_b6, pan_division_quadrant_b6],
          regret_index_pan_draining_boxed, layout_gridlike

Skill      XL: |  1  2  3  4  5  6  7  8  9 10 11 12 13 14 15 16 17 18 19 20 21 22 23 24 25 26 27 |
---------------+----------------------------------------------------------------------------------+-----
Unarmed Combat | 4 5 6 7 8 10 12 13 14 15 17 20 22 24 27 | 27.0
Shapeshifting  | 11 12 13 14 15 17 18 20 21 23 | 23.2
Dodging        | 4 7 9 10 12 14 19 22 | 22.2
Shields        | 7 8 11 14 16 17 19 | 19.0
Fighting       | 6 8 10 11 13 14 | 14.1
Spellcasting   | 2 |  2.0
Ice Magic      | 11 13 | 13.5
Evocations     | 13 | 13.4
Stealth        | 6 15 17 22 | 22.6

Action                     |  1- 3 |  4- 6 |  7- 9 | 10-12 | 13-15 | 16-18 | 19-21 | 22-24 | 25-27 || total
---------------------------+-------+-------+-------+-------+-------+-------+-------+-------+-------++-------
  Melee: Unarmed           |    61 |   121 |   193 |   474 |   762 |   897 |   958 |   997 |  1620 ||  6083
         Constrict         |    20 |    25 |    47 |    64 |   139 |   184 |   165 |   147 |   284 ||  1075
         Tentacles         |    10 |    19 |    37 |   118 |   200 |   221 |   266 |   269 |   547 ||  1687
         Punch             |     4 |     6 |     3 |    25 |    76 |    96 |   142 |   172 |   404 ||   928
  Throw: Dart              |       |       |     7 |       |       |       |       |       |       ||     7
         Throwing net      |       |       |       |     1 |       |       |       |       |       ||     1
   Cast: Ozocubu's Armour  |       |       |       |       |     8 |    10 |    12 |       |       ||    30
         Frozen Ramparts   |       |       |       |       |       |       |     3 |       |       ||     3
 Invoke: Call Merchant     |       |       |       |     2 |       |     2 |     1 |       |     4 ||     9
         Bribe Branch      |       |       |       |       |       |       |       |       |     2 ||     2
Ability: Evoke Blink       |       |       |       |       |       |       |       |       |     4 ||     4
         Siphon Essence    |       |       |       |       |       |       |       |       |     1 ||     1
  Evoke: Wand              |       |       |       |     1 |       |       |     1 |       |       ||     2
         Phantom mirror    |       |       |       |       |     1 |       |     1 |       |       ||     2
         Lightning rod     |       |       |       |       |       |       |       |       |     3 ||     3
         Box of beasts     |       |       |       |       |       |       |       |       |     2 ||     2
         Condenser vane    |       |       |       |       |       |       |       |       |     2 ||     2
    Use: Scroll            |     4 |     4 |    12 |     8 |     7 |    10 |     9 |     5 |    28 ||    87
         Potion            |       |     2 |     1 |     1 |     2 |     6 |       |       |     2 ||    14
   Stab: Sleeping          |     5 |     9 |     5 |     2 |     6 |     1 |     8 |    36 |    47 ||   119
         Distracted        |       |       |     1 |     1 |     5 |     4 |     5 |    16 |    41 ||    73
         Petrified         |       |       |       |       |       |       |     3 |       |       ||     3
 Armour: Skin              |    18 |    57 |    69 |   344 |   293 |   356 |   263 |   235 |   216 ||  1851
  Dodge: Dodged            |    35 |    84 |   172 |   402 |   786 |   915 |   654 |   694 |   703 ||  4445
  Block: Buckler           |       |     8 |    71 |     6 |       |       |       |       |       ||    85
         Kite shield       |       |       |       |   523 |   982 |   396 |       |       |       ||  1901
         Reflection        |       |       |       |    19 |    39 |    46 |   107 |    41 |    22 ||   274
         Tower shield      |       |       |       |       |       |  1084 |  1756 |  1630 |  2117 ||  6587
   Form: Statue            |       |       |     1 |       |       |       |       |     1 |     4 ||     6
         Death             |       |       |       |       |       |       |       |     1 |     3 ||     4
         Storm             |       |       |       |       |       |       |       |       |     1 ||     1

Table legend: (Time is in decaauts)
 A = Elapsed time spent in this place.
 B = Non-inter-level travel time spent in this place.
 C = Inter-level travel time spent in this place.
 D = Time resting spent in this place.
 E = Time spent auto-exploring this place.
 F = Levels seen in this place.
 G = Mean time per level.
                   A        B        C        D        E       F      G
               +--------+--------+--------+--------+--------+-----+--------+
         Total |  82193 |  73439 |   8754 |  10328 |  23682 |  69 | 1191.2 |
       Dungeon |  21268 |  17258 |   4010 |   1889 |  10314 |  15 | 1417.9 |
        Temple |     29 |     19 |     10 |      0 |      0 |   1 |   29.0 |
          Lair |   8785 |   7367 |   1418 |    255 |   3417 |   5 | 1757.0 |
        Shoals |   6064 |   5859 |    205 |    744 |    633 |   4 | 1516.0 |
   Spider Nest |   5004 |   4834 |    170 |   1067 |   1000 |   4 | 1251.0 |
    Slime Pits |   1358 |   1250 |    108 |    151 |      0 |   5 |  271.6 |
  Orcish Mines |   2818 |   2249 |    569 |    421 |    526 |   2 | 1409.0 |
   Elven Halls |   5222 |   5025 |    197 |    962 |    157 |   3 | 1740.7 |
        Vaults |  11021 |  10088 |    933 |   1039 |   3769 |   5 | 2204.2 |
         Crypt |   3508 |   3288 |    220 |    290 |   1008 |   3 | 1169.3 |
          Tomb |   4741 |   4680 |     61 |   1721 |     25 |   3 | 1580.3 |
        Depths |   7350 |   6500 |    850 |   1057 |   2547 |   4 | 1837.5 |
         Abyss |    932 |    932 |      0 |      0 |      0 |   5 |  186.4 |
   Pandemonium |    947 |    947 |      0 |    253 |      0 |   6 |  157.8 |
         Sewer |    555 |    555 |      0 |     19 |    284 |   1 |  555.0 |
       Volcano |    432 |    432 |      0 |      0 |      0 |   1 |  432.0 |
        Wizlab |   1092 |   1092 |      0 |    332 |      0 |   1 | 1092.0 |
    Desolation |   1058 |   1058 |      0 |    121 |      0 |   1 | 1058.0 |
               +--------+--------+--------+--------+--------+-----+--------+

Top non-repeatable levels by time:
Vaults:4: 2912 daAuts
Depths:2: 2790 daAuts
Vaults:2: 2656 daAuts
   Elf:1: 2574 daAuts
     D:9: 2364 daAuts
  Lair:2: 2271 daAuts
    D:10: 2165 daAuts
    D:15: 2130 daAuts
    D:13: 2119 daAuts
  Lair:5: 2068 daAuts
  Tomb:1: 2066 daAuts
   Orc:2: 1980 daAuts
  Tomb:2: 1959 daAuts
Spider:3: 1929 daAuts
Depths:3: 1910 daAuts
